 Dungeon Crawl Stone Soup version 0.30-a0-777-ga9a30cbeda (webtiles) character file.

Game seed: 12800023020030442481

109 nuthulu the Trooper (level 4, 0/29 HPs)
             Began as a Gargoyle Fighter on Feb 13, 2023.
             Slain by an iguana (6 damage)
             ... on level 4 of the Dungeon.
             The game lasted 00:03:14 (2241 turns).

nuthulu the Trooper (Gargoyle Fighter)              Turns: 2241, Time: 00:03:14

Health: 0/29       AC: 19    Str: 21    XL:     4   Next: 89%
Magic:  4/4        EV:  2    Int:  9    God:
Gold:   120        SH: 11    Dex:  9    Spells: 3/3 levels left

rFire   . . .      SeeInvis .    a - +0 flail
rCold   . . .      Faith    .    l - +0 tower shield
rNeg    + . .      Spirit   .    o - +0 plate armour
rPois   ∞          Reflect  .    (no helmet)
rElec   +          Harm     .    j - +0 cloak
rCorr   .          Rampage  .    k - +2 pair of gloves
Will    .....                    (no boots) Stlth
                                 (no amulet)
HPRegen 0.24/turn                (no ring)
MPRegen 0.09/turn                (no ring)

@: no status effects
A: sickness immunity, AC +3, negative energy resistance 1, electricity
resistance, torment resistance 1, petrification resistance
a: no special abilities


You were on level 4 of the Dungeon.
You visited 1 branch of the dungeon, and saw 5 of its levels.

You collected 120 gold pieces.

Inventory:

Hand Weapons
 a - a +0 flail (weapon)
Armour
 b - a +0 scale mail
 c - a +0 buckler
 j - a +0 cloak (worn)
 k - a +2 pair of gloves (worn)
 l - a +0 tower shield (worn)
 o - a +0 plate armour (worn)
Jewellery
 q - a ring of flight
Scrolls
 m - a scroll of fear
Potions
 d - a potion of might
 e - a potion of ambrosia
 f - a potion of magic {unknown}
 g - a potion of brilliance {unknown}
 h - 2 potions of flight
 i - a potion of haste {unknown}
 n - 2 potions of curing {unknown}
 p - 2 potions of heal wounds {unknown}


   Skills:
 - Level 4.2 Fighting
 + Level 3.7 Maces & Flails
 - Level 3.2 Armour
 - Level 0.5 Dodging
 - Level 0.2 Stealth
 + Level 3.6 Shields


You had 3 spell levels left.
You didn't know any spells.
Your spell library was empty.

Dungeon Overview and Level Annotations

Branches:
Dungeon (5/15)
 Temple: D:4-7

Altars:


Innate Abilities, Weirdness & Mutations

You are immune to sickness and miasma.
Your stone body is resilient. (AC +3)
You are immune to poison.
You resist negative energy. (rN+)
You are resistant to electric shocks. (rElec)
You are resistant to unholy torment.
You are immune to petrification.


Message History

The iguana bites you but does no damage.
You block the endoplasm's attack.
You hit the iguana.
The iguana is almost dead.
The endoplasm freezes you.
You are frozen.
The iguana bites you but does no damage.
You block the endoplasm's attack.
The iguana bites you but does no damage.
You barely miss the iguana.
The iguana is almost dead.
The iguana bites you but does no damage.
The endoplasm freezes you.
You are frozen.
You closely miss the iguana.
The iguana is almost dead.
The endoplasm freezes you.
You are frozen.
The iguana bites you but does no damage.
You block the iguana's attack.
The endoplasm hits you but does no damage.
You hit the iguana but do no damage.
The iguana is almost dead.
The endoplasm freezes you.
You are frozen.
The iguana bites you but does no damage.
The endoplasm freezes you.
You are frozen.
The iguana bites you.
You closely miss the iguana.
The iguana is almost dead.
The iguana bites you. You block the endoplasm's attack.
You closely miss the iguana.
The iguana is almost dead.
The endoplasm hits you. You block the iguana's attack. The iguana bites you.
* * * LOW HITPOINT WARNING * * *
The endoplasm barely misses you.
You closely miss the iguana.
The iguana is almost dead.
The iguana bites you.
You die...

### ..# #..# #...# .# #
##...##..#
...###########.....#..#
#.........J..........#
#...[....@l..........
#..#########......###
#......# ##.....#
##..>.# ##..## ####


You could see an iguana and an endoplasm.

Vanquished Creatures
  A jelly (D:5)
  2 adders (D:2)
  2 worms (D:2)
  3 dart slugs
  5 endoplasms
  A giant cockroach (D:1)
  6 goblins
  3 hobgoblins
  3 jackals (D:2)
  6 kobolds
  5 quokkas
  4 bats
  A frilled lizard (D:1)
  3 rats (D:2)
45 creatures vanquished.

Notes
Turn   | Place    | Note
-------+----------+-------------------------------------------
     0 | D:1      | nuthulu the Gargoyle Fighter began the quest for the Orb.
     0 | D:1      | Reached XP level 1. HP: 14/14 MP: 1/1
   113 | D:1      | Reached XP level 2. HP: 19/19 MP: 2/2
   524 | D:1      | Reached skill level 4 in Fighting
   818 | D:1      | Reached XP level 3. HP: 20/24 MP: 3/3
  1667 | D:2      | Reached XP level 4. HP: 27/29 MP: 4/4
  2175 | D:3      | You fall into a shaft and drop 2 floors!
  2175 | D:5      | Entered Level 5 of the Dungeon
  2201 | D:5      | Noticed an ice beast
  2241 | D:4      | Slain by an iguana

Illustrated notes

Levels and vault maps discovered:
D:1:      dpeg_arrival_erosion, layout_loops_ring, bh_walls_and_bars
D:2:      layout_loops_cross, minmay_quadrilaterals
D:3:      layout_basic
D:4:      layout_cave_pods, mainiacjoe_overflow_surrounded_room, serial_shops,
          nicolae_shop_hallway_stairs
D:5:      layout_gridville, temple_green

Skill      XL: |  1  2  3 |
---------------+----------+-----
Fighting       | 4 |  4.2
Maces & Flails | 3 |  3.7
Armour         | |  3.2
Dodging        | |  0.5
Stealth        | |  0.2
Shields        | |  3.6

Action                     |  1- 3 |  4- 6 || total
---------------------------+-------+-------++-------
  Melee: Flail             |   140 |    38 ||   178
    Use: Scroll            |     8 |     2 ||    10
 Armour: Scale mail        |    86 |     1 ||    87
         Plate armour      |       |    26 ||    26
  Dodge: Dodged            |    63 |     4 ||    67
  Block: Buckler           |    18 |       ||    18
         Tower shield      |    16 |    25 ||    41

Table legend: (Time is in decaauts)
 A = Elapsed time spent in this place.
 B = Non-inter-level travel time spent in this place.
 C = Inter-level travel time spent in this place.
 D = Time resting spent in this place.
 E = Time spent auto-exploring this place.
 F = Levels seen in this place.
 G = Mean time per level.
                   A        B        C        D        E       F      G
               +--------+--------+--------+--------+--------+-----+--------+
         Total |   2311 |   2236 |     75 |    342 |   1317 |   5 |  462.2 |
       Dungeon |   2311 |   2236 |     75 |    342 |   1317 |   5 |  462.2 |
               +--------+--------+--------+--------+--------+-----+--------+

Top non-repeatable levels by time:
     D:2: 1285 daAuts
     D:1: 941 daAuts
     D:4: 39 daAuts
     D:5: 35 daAuts
     D:3: 9 daAuts
